 Dungeon Crawl Stone Soup version 0.23-a0-261-g133332c (webtiles) character file.

7 lemonriz the Insei (level 2, 0/18 HPs)
             Began as an Octopode Transmuter on Sept 30, 2018.
             Slain by a goblin (1 damage)
             ... on level 1 of the Dungeon.
             The game lasted 00:00:51 (180 turns).

lemonriz the Insei (Octopode Transmuter)             Turns: 180, Time: 00:00:52

Health: 0/18       AC:  1    Str:  9    XL:     2   Next: 0%
Magic:  4/5        EV: 13    Int: 15    God:
Gold:   23         SH:  0    Dex: 12    Spells: 4/5 levels left

rFire    . . .     SeeInvis .     - Unarmed
rCold    . . .     Gourm    .   (no shield)
rNeg     . . .     Faith    .   (helmet restricted)
rPois    .         Spirit   .   (no amulet)
rElec    .         Reflect  .   (no ring)
rCorr    .         Harm     .   (no ring)
MR       .....                  (no ring)
Stlth    +++.......             (no ring)
HPRegen  0.06/turn              (no ring)
MPRegen  0.09/turn              (no ring)
                                (no ring)
                                (no ring)

@: appendage
A: almost no armour, stealthy swim, amphibious, 8 rings, constrict 8, tentacle
spike 3, camouflage 1, gelatinous body 1
a: End Transformation


You were on level 1 of the Dungeon.
You were not hungry.
One of your tentacles had a temporary spike.
You visited 1 branch of the dungeon, and saw 1 of its levels.

You collected 23 gold pieces.

Inventory:

Missiles
 a - 12 arrows
Jewellery
 b - an uncursed ring of protection from cold {unknown}
Scrolls
 g - a scroll of identify {unknown}
Potions
 d - a potion of agility {unknown}
 e - 2 potions of brilliance {unknown}
Comestibles
 c - 3 rations
 f - 8 chunks of flesh


   Skills:
 - Level 1.0 Fighting
 - Level 2.0 Dodging
 + Level 1.1 Stealth
 + Level 3.1 Unarmed Combat
 - Level 2.0 Spellcasting
 + Level 2.2 Transmutations


You had 4 spell levels left.
You knew the following spells:

 Your Spells              Type           Power        Failure   Level  Hunger
a - Beastly Appendage     Tmut           #.....       9%          1    #......

Your spell library contained the following spells:

 Spells                   Type           Power        Failure   Level  Hunger
 Sticks to Snakes         Tmut           #.......     14%         2    ###....
 Spider Form              Tmut/Pois      #.........   38%         3    ###....
 Ice Form                 Ice/Tmut       #.......     80%         4    #####..
 Blade Hands              Tmut           #.........   94%         5    ######.


Dungeon Overview and Level Annotations

Branches:
Dungeon (1/15)

Altars:


Innate Abilities, Weirdness & Mutations

You cannot wear most types of armour.
You are very stealthy in the water. (Stealth+)
You are amphibious.
You can wear up to eight rings at the same time.
You can use your tentacles to constrict eight enemies at once.
Your skin changes colour to match your surroundings (Stealth+).
Your rubbery body absorbs attacks. (AC +1, EV +1)
One of your tentacles bears a large vicious spike.


Message History

You have reached level 2!
You see here a hobgoblin corpse.
You butcher the hobgoblin corpse.
f - 8 chunks of flesh (gained 3)
You see here a hobgoblin skeleton.
g - a scroll labeled MEVATU SAOLE
Found an escape hatch in the floor.
You now have 14 gold pieces (gained 7).
You now have 23 gold pieces (gained 9).
c - 3 rations (gained 1)
A goblin comes into view.
The goblin shouts!
Found a fizzy golden potion and an embroidered robe.
Casting: Beastly Appendage (safe; 9% risk of failure)
Confirm with . or Enter, or press ? or * to list all spells.
One of your tentacles grows a vicious spike.
The goblin hits you.
* * * LOW HITPOINT WARNING * * *
You tentacle-slap the goblin but do no damage.
Your grab misses the goblin. The goblin hits you.
You die...

+.......>..>.#
#............#
#............#
#รท...........#
###............#
...............###
.......#######...#
.......# ###.#
.......# #@#
...##### #!....g.#
...# #[#######
...# ####


You could see a goblin.

Vanquished Creatures
  A leopard gecko (D:1)
  A giant cockroach (D:1)
  A goblin (D:1)
  A hobgoblin (D:1)
  A rat (D:1)
5 creatures vanquished.

Notes
Turn   | Place    | Note
-------+----------+-------------------------------------------
     0 | D:1      | lemonriz the Octopode Transmuter began the quest for the
                  | Orb.
     0 | D:1      | Reached XP level 1. HP: 13/13 MP: 3/3
   143 | D:1      | Reached skill level 1 in Stealth
   147 | D:1      | Reached XP level 2. HP: 3/18 MP: 5/5
   180 | D:1      | Slain by a goblin

Vault maps used:
D:1:      eino_arrival_cavern_b

Skill      XL: |  1 |
---------------+----+-----
Stealth        | 1 |  1.1
Fighting       | |  1.0
Dodging        | |  2.0
Unarmed Combat | |  3.1
Spellcasting   | |  2.0
Transmutations | |  2.2

Action                   || total
-------------------------++-------
Melee: Unarmed           ||    13
       Constrict         ||     2
       Tentacles         ||     2
 Cast: Beastly Appendage ||     1
 Stab: Sleeping          ||     1
Dodge: Dodged            ||     5

Table legend:
 A = Non-vault XP
 B = Vault XP
 C = Vault XP percentage of total XP
 D = Non-vault monster count
 E = Vault monster count
 F = Vault count percentage of total count
                 A         B        C        D         E       F
            +---------+---------+-------+---------+---------+-------
      Total |      10 |       0 |   0.0 |       5 |       0 |   0.0
            +---------+---------+-------+---------+---------+-------
        D:1 |      10 |       0 |   0.0 |       5 |       0 |   0.0
            +---------+---------+-------+---------+---------+-------
